Map: King's Cove LE

Players

Lambo - Winner!

  • Race: Zerg Zerg
  • League: Master
  • Spawn Location: 5:00

Reynor

  • Race: Zerg Zerg
  • Spawn Location: 11:00

VOD

Have the link to the VOD?

Description

Time

  • Played on: Jan. 23, 2019, 11:35 a.m.
  • Length: 9:33
Show
View Real Time Build Order
Export as new Build Order

Lambo Zerg - Winner!

Build Orders: Hatch First, Zergling Baneling 

Get SALT Encoding   

  12  0:00  Drone  
  13  0:12  Overlord  
  13  0:17  Drone  
  14  0:31  Drone x2  
  16  0:49  Hatchery  
  15  0:52  Drone  
  15  0:56  Drone  
  17  0:59  Drone  
  18  1:09  Extractor  
  17  1:14  Spawning Pool  
  17  1:18  Drone  
  17  1:20  Drone  
  18  1:30  Drone  
  19  1:39  Drone  
  20  1:54  Drone  
  21  2:01  Queen x2  
  21  2:02  Drone, Overlord  
  26  2:11  Drone, Metabolic Boost  
  26  2:13  Drone  
  28  2:27  Drone  
  28  2:29  Drone  
  30  2:37  Hatchery  
  30  2:41  Zergling x2  
  30  2:42  Drone  
  31  2:48  Drone  
  31  2:50  Baneling Nest  
  31  2:51  Drone  
  31  2:56  Overlord  
  31  2:58  Drone  
  33  3:06  Drone x2  
  33  3:10  Drone  
  36  3:14  Drone x3  
  36  3:15  Zergling x4  
  36  3:19  Zergling x2  
  42  3:23  Overlord  
  42  3:28  Queen  
  44  3:36  Baneling x3  
  44  3:45  Zergling x16  
  52  3:52  Zergling x6  
  55  3:56  Overlord  
  55  4:02  Drone x2  
  54  4:06  Baneling x3  
  54  4:08  Drone  
  54  4:09  Queen  
  54  4:11  Drone  
  54  4:16  Zergling x4  
  54  4:17  Zergling x6  
  51  4:25  Drone x3  
  51  4:28  Drone  
  55  4:37  Evolution Chamber  
  55  4:38  Drone x2  
  56  4:47  Drone x3  
  56  4:52  Drone  
  56  4:55  Drone x2  
  56  4:57  Baneling x6  
  58  5:00  Drone, Queen  
  58  5:05  Extractor, Zergling x2  
  58  5:06  Extractor  
  60  5:11  Drone x2  
  61  5:15  Baneling x2  
  61  5:16  Zergling x2  
  61  5:20  Roach Warren  
  60  5:24  Zergling x4  
  60  5:27  Zergling x2  
  59  5:30  Zergling x6  
  59  5:35  Zergling x8  
  61  5:39  Drone x2  
  63  5:45  Zergling x2  
  64  5:51  Overlord  
  64  5:54  Baneling x2  
  64  5:55  Baneling x2  
  64  5:59  Roach  
  64  6:00  Overlord x2  
  64  6:01  Baneling  
  64  6:02  Baneling  
  66  6:09  Overlord  
  65  6:17  Roach x4  
  73  6:23  Roach x5  
  82  6:32  Roach x3  
  88  6:37  Roach x2  
  90  6:40  Overlord  
  90  6:42  Zergling x10  
  90  6:46  Roach  
  94  6:49  Drone  
  95  6:58  Roach x2  
  88  7:04  Roach x4  
  95  7:14  Baneling x2  
  93  7:16  Drone x4  
  93  7:20  Drone x3  
  93  7:21  Extractor, Drone x2  
  101  7:25  Ravager  
  101  7:27  Drone x4  
  106  7:31  Overlord  
  106  7:32  Extractor  
  105  7:40  Overlord  
  105  7:42  Baneling x2  
  105  7:45  Zergling x2  
  105  7:50  Overlord  
  106  7:51  Overlord  
  106  7:56  Roach x5  
  111  8:03  Roach x3  
  112  8:06  Overlord  
  112  8:09  Overlord  
  111  8:14  Zergling x10, Roach  
  111  8:19  Roach, Zergling x10  
  122  8:22  Roach  
  122  8:23  Queen  
  123  8:28  Zergling x4, Roach  
  123  8:29  Zergling x2  
  123  8:30  Baneling x2  
  128  8:34  Queen  
  128  8:37  Zergling x4  
  128  8:40  Zergling x4  
  131  8:42  Roach  
  131  8:46  Ravager, Zergling x2  
  135  8:49  Zergling x2, Roach  
  135  8:55  Zergling x6  
  140  8:56  Ravager  
  140  8:57  Ravager  
  140  8:58  Zergling x2  
  140  9:02  Ravager  
  144  9:04  Zergling x2  
  145  9:12  Zergling x2  
  145  9:13  Zergling x2  
Show
View Real Time Build Order
Export as new Build Order

Reynor Zerg 

Build Orders: Hatch First, Zergling Baneling 

Get SALT Encoding   

  12  0:00  Drone  
  13  0:13  Overlord  
  13  0:18  Drone  
  14  0:31  Drone x2  
  16  0:50  Hatchery  
  16  0:54  Drone  
  16  0:56  Drone  
  17  1:00  Drone  
  18  1:10  Extractor  
  17  1:16  Spawning Pool  
  16  1:19  Drone  
  16  1:23  Drone  
  18  1:29  Drone  
  19  1:39  Drone  
  20  1:51  Overlord  
  20  2:00  Drone  
  21  2:02  Drone  
  21  2:03  Queen  
  21  2:04  Queen  
  26  2:11  Drone  
  26  2:12  Metabolic Boost  
  27  2:16  Drone  
  27  2:22  Drone  
  29  2:24  Drone  
  30  2:39  Hatchery  
  30  2:42  Drone  
  30  2:43  Drone  
  31  2:49  Baneling Nest  
  30  2:53  Overlord  
  30  2:56  Zergling x2  
  30  2:58  Zergling x2  
  32  3:00  Zergling x2  
  33  3:06  Zergling x2  
  33  3:07  Zergling x2  
  33  3:11  Zergling x6  
  38  3:15  Zergling x2  
  38  3:16  Zergling x2  
  40  3:21  Overlord  
  40  3:23  Zergling x2  
  41  3:28  Zergling x2  
  42  3:34  Baneling x4  
  42  3:37  Zergling x4  
  44  3:46  Zergling x10  
  46  4:10  Drone x5  
  46  4:11  Drone  
  46  4:13  Zergling x2  
  46  4:14  Zergling x4  
  54  4:20  Zergling x6  
  51  4:26  Baneling  
  51  4:27  Baneling x3  
  50  4:31  Zergling x2  
  50  4:32  Zergling x4  
  53  4:38  Baneling  
  53  4:42  Zergling x6  
  51  4:56  Zergling x2  
  51  4:57  Zergling x8  
  51  4:58  Overlord  
  51  4:59  Queen  
  56  5:02  Baneling x2  
  56  5:11  Zergling x6  
  55  5:16  Baneling x2  
  55  5:18  Overlord  
  55  5:19  Drone x3  
  48  5:28  Zergling x4  
  48  5:29  Zergling x4  
  48  5:31  Zergling x6  
  52  5:36  Zergling x6  
  54  5:46  Queen  
  54  5:47  Zergling x6  
  59  5:55  Zergling x4  
  61  5:59  Zergling x2  
  61  6:00  Baneling x2  
  61  6:01  Baneling x3  
  61  6:03  Zergling x4  
  64  6:05  Zergling x6  
  64  6:06  Zergling x6  
  70  6:12  Zergling x2  
  70  6:13  Zergling x2  
  72  6:18  Zergling x2  
  69  6:34  Zergling x10  
  69  6:35  Baneling x4  
  69  6:36  Overlord  
  63  6:47  Zergling x2  
  63  6:48  Zergling x16  
  63  6:53  Zergling x2  
  58  7:01  Zergling x4  
  58  7:02  Zergling x2  
  58  7:09  Zergling x4  
  58  7:11  Baneling  
  58  7:12  Baneling x2  
  58  7:13  Drone x4  
  64  7:16  Evolution Chamber, Extractor  
  64  7:19  Roach Warren  
  64  7:20  Baneling  
  64  7:22  Drone  
  62  7:23  Drone  
  62  7:25  Drone  
  62  7:32  Drone x2  
  62  7:37  Overlord  
  64  7:43  Zergling x6  
  67  7:49  Overlord  
  67  7:51  Baneling x2  
  63  7:58  Extractor  
  62  8:05  Queen, Roach  
  62  8:06  Roach x3  
  62  8:07  Drone  
  62  8:08  Spine Crawler, Drone x4  
  71  8:13  Roach x2  
  73  8:24  Roach x2  
  73  8:26  Zergling x10  
  81  8:30  Drone x2  
  83  8:35  Roach x2  
  83  8:37  Zergling x2  
  83  8:41  Overlord  
  87  8:45  Ravager  
  88  8:50  Baneling x2  
  88  8:51  Baneling  
  88  8:52  Overlord  
  88  8:55  Zergling x4  
  88  8:56  Zergling x4  
  88  9:00  Baneling x3  
  92  9:03  Zergling x6  
Tags
 
Add a new tag
Caveats
  • Supply blocks, unpowered buildings, or Contaminate may cause inaccurate times.
  • Supply counts are checked every 10 seconds.